 Dungeon Crawl Stone Soup version 0.18.1-50-g88ac8fd (webtiles) character file.

275 Gargoyl the Skirmisher (level 6, 0/48 HPs)
             Began as a Demonspawn Abyssal Knight on Sept 19, 2016.
             Was a Believer of Lugonu.
             Slain by Gargoyl's ghost (7 damage)
             ... on level 4 of the Dungeon.
             The game lasted 00:05:28 (3351 turns).

Gargoyl the Skirmisher (Demonspawn Abyssal Knight)  Turns: 3351, Time: 00:05:29

Health: 0/48       AC:  9    Str: 15    XL:     6   Next: 3%
Magic:  7/8        EV: 10    Int: 13    God:    Lugonu [**....]
Gold:   219        SH:  0    Dex: 12    Spells: 0 memorised, 5 levels left

rFire  . . .     SeeInvis .     e - +0 war axe
rCold  + . .     Gourm    .     o - +0 scale mail
rNeg   . . .     Faith    .     (no shield)
rPois  .         Spirit   .     (helmet restricted)
rElec  .         Dismiss  .     j - +0 cloak
rCorr  .         Reflect  .     i - +0 pair of gloves
SustAt .         Harm     .     (no boots)
MR     .....                    (no amulet)
Stlth  ..........               (no ring)
                                (no ring)

@: lethally poisoned (0 -> -1), not resistant to hostile enchantments, extremely
unstealthy
A: horns 1, cold resistance 1
a: Depart the Abyss, Bend Space, Renounce Religion


You were on level 4 of the Dungeon.
You worshipped Lugonu.
Lugonu was pleased with you.
You were not hungry.

You visited 1 branch of the dungeon, and saw 4 of its levels.
You visited the Abyss 1 time.

You collected 219 gold pieces.

Inventory:

Hand Weapons
 a - a +1 hand axe
 e - a +0 war axe (weapon)
Missiles
 b - 6 javelins (quivered)
Armour
 i - a +0 pair of gloves (worn)
 j - a +0 cloak (worn)
 o - a +0 scale mail (worn)
Scrolls
 d - 2 scrolls of teleportation {unknown}
 f - a scroll of amnesia {unknown}
 g - a scroll of enchant armour {unknown}
 h - a scroll of recharging {unknown}
 k - a scroll of blinking {unknown}
 n - 3 scrolls of remove curse {unknown}
 p - a scroll of immolation {unknown}
 s - 2 scrolls of identify {unknown}
Potions
 m - a potion of ambrosia
 r - a potion of cancellation
 t - a potion of flight {unknown}
 u - a potion of brilliance {unknown}
 w - a potion of degeneration {unknown}
Comestibles
 c - 4 bread rations
 l - a beef jerky
 q - a meat ration
 v - a royal jelly
 x - a chunk of flesh


   Skills:
 + Level 4.1 Fighting
 + Level 2.8 Axes
 * Level 4.0 Armour
 + Level 2.0 Dodging
 + Level 0.6 Stealth
 + Level 2.7 Invocations


You had 5 spell levels left.
You didn't know any spells.

Dungeon Overview and Level Annotations

Branches:
Dungeon (4/15)
 Temple: D:4-7

Altars:
Ashenzari
Cheibriados
Fedhas

Annotations:
D:4 Gargoyl's ghost, amateur DsAK


Innate Abilities, Weirdness & Mutations

You have a pair of small horns on your head.
Your flesh is cold resistant.


Message History

* * * LOW HITPOINT WARNING * * *
Gargoyl's ghost hits you but does no damage.
The worker ant bites you but does no damage.
You fail to use your ability.
The orc closely misses you. The orc wizard completely misses you.
The worker ant bites you but does no damage.
Gargoyl's ghost hits you but does no damage.
Space bends around you!
You blink.
* * * LOW HITPOINT WARNING * * *
You feel slightly more hungry. The adder bites you but does no damage.
The orc wizard casts a spell at you. The magic dart hits you!
* * * LOW HITPOINT WARNING * * *
You feel sick. The worker ant barely misses you. The adder misses you.
The orc hits you but does no damage.
The orc wizard casts a spell.
The orc wizard flickers and vanishes!
Deactivating autopickup; reactivate with Ctrl-A.
Gargoyl's ghost hits you!
You die...

#.##.# #.##.#
.#########.##.####.#
...........##...?..#
#######........###
#.####.....#
#.####..)..#
#.>.....W{.#
######.@oS.##
#..a.).#
###..........
#....###### #.#....
......... ####.#####
..# #.#


You could see a worker ant, Gargoyl's ghost, an adder and an orc.

Vanquished Creatures
  Blork the orc (D:4)
  2 orc wizards (D:3)
  A howler monkey zombie (D:3)
  4 adders (D:3)
  3 worms (D:3)
  2 dart slugs
  3 giant geckos (D:2)
  8 orcs
  A ball python (D:2)
  4 giant cockroaches
  11 goblins
  A hobgoblin (D:2)
  2 jackals (D:1)
  8 bats
  2 kobolds (D:3)
  6 rats
59 creatures vanquished.

Vanquished Creatures (others)
  An orc wizard (D:3)
1 creature vanquished.

Grand Total: 60 creatures vanquished

Notes
Turn   | Place    | Note
--------------------------------------------------------------
     0 | Abyss:1  | Gargoyl the Demonspawn Abyssal Knight began the quest for the Orb.
     0 | Abyss:1  | Reached XP level 1. HP: 18/18 MP: 2/2
   105 | Abyss:2  | Noticed a death knight
   105 | Abyss:2  | Noticed a flayed ghost
   106 | Abyss:2  | Noticed a phantasmal warrior
   111 | Abyss:2  | Noticed a starcursed mass
   112 | D:1      | Escaped the Abyss
   297 | D:1      | Gained mutation: You have a pair of small horns on your head. [demonic ancestry]
   297 | D:1      | Reached XP level 2. HP: 19/24 MP: 3/3
   668 | D:1      | Reached * piety under Lugonu
   668 | D:1      | Reached skill level 1 in Dodging
   802 | D:2      | Found a snail-covered altar of Cheibriados.
   880 | D:2      | Found a shattered altar of Ashenzari.
  1066 | D:2      | Gained mutation: Your flesh is cold resistant. [demonic ancestry]
  1066 | D:2      | Reached XP level 3. HP: 25/29 MP: 5/5
  1154 | D:2      | Found a blossoming altar of Fedhas.
  2279 | D:3      | Reached XP level 4. HP: 26/37 MP: 6/6
  2746 | D:3      | Reached ** piety under Lugonu
  2768 | D:3      | Reached XP level 5. HP: 23/42 MP: 7/7
  3230 | D:4      | Noticed Blork the orc
  3247 | D:4      | Killed Blork the orc
  3247 | D:4      | Reached XP level 6. HP: 22/48 MP: 8/8
  3341 | D:4      | Noticed Gargoyl's ghost (amateur DsAK)
  3351 | D:4      | Slain by Gargoyl's ghost

Skill      XL: |  1  2  3  4  5 |
---------------+----------------+-----
Armour         | 2 3 4 |  4.0
Axes           | 2 |  2.8
Dodging        | 1 2 |  2.0
Fighting       | 4 |  4.1
Stealth        | |  0.6
Invocations    | |  2.7

Action                   |  1- 3 |  4- 6 || total
-------------------------+-------+-------++-------
Melee: War axe           |   129 |   102 ||   231
       Headbutt          |    19 |    16 ||    35
Invok: Depart the Abyss  |     1 |       ||     1
       Bend Space        |       |     1 ||     1
  Use: Potion            |     2 |     2 ||     4
  Eat: Chunk             |     4 |     4 ||     8
Armor: Leather armour    |    12 |       ||    12
       Scale mail        |    60 |    89 ||   149
Dodge: Dodged            |    96 |    66 ||   162
